 Dungeon Crawl Stone Soup version 0.24.1-1-gd1d2a07e1b (webtiles) character file.

Game seed: 2376231002358088841, levelgen mode: deterministic

12912 MajorAdolf the Covert (level 12, -15/159 HPs)
             Began as a Naga Wanderer on Apr 11, 2020.
             Was an Initiate of Gozag.
             Demolished by a red ugly thing (20 damage)
             ... on level 13 of the Dungeon.
             The game lasted 00:30:22 (16666 turns).

MajorAdolf the Covert (Naga Wanderer)              Turns: 16666, Time: 00:30:22

Health: -15/159    AC: 26    Str: 20    XL:     12   Next: 0%
Magic:  17/17      EV:  1    Int: 16    God:    Gozag
Gold:   1006       SH:  4    Dex: 11    Spells: 9/11 levels left

rFire    . . .     SeeInvis +   i - +3 trident (venom)
rCold    . . .     Gourm    .   e - +0 buckler
rNeg     + + +     Faith    .   (armour currently unavailable)
rPois    +         Spirit   .   (helmet currently unavailable)
rElec    .         Reflect  .   (cloak currently unavailable)
rCorr    .         Harm     .   (gloves currently unavailable)
MR       +....     NoTele   +   (no barding)
Stlth    +++++.....             S - amulet of the acrobat
HPRegen  0.36/turn              k - ring of poison resistance
MPRegen  0.15/turn              n - +4 ring of intelligence

@: tree-form, slowed, very slow
A: large, see invisible, slow metabolism 1, spit poison 1, AC +4
a: Spit Poison, Potion Petition, Call Merchant, Bribe Branch, Renounce Religion


You were on level 13 of the Dungeon.
You worshipped Gozag.
Gozag was most pleased with you.
You were hungry.
You were a tree.
You visited 2 branches of the dungeon, and saw 14 of its levels.

You collected 1365 gold pieces.
You spent 234 gold pieces at shops.
You paid 125 gold pieces to Gozag.

Inventory:

Hand Weapons
 a - a +2 mace
 b - a +0 hand axe
 i - a +3 trident of venom (weapon)
 j - a +0 short sword
 v - a +0 war axe
Armour
 d - a +0 robe
 e - a +0 buckler (worn)
 h - a +1 cloak (melded)
 l - the +2 cloak "Uvvaegrous" {*Corrode rF+ rN+++ Dex+4}
   (You found it on level 9 of the Dungeon)

   It affects your dexterity (+4).
   It protects you from fire.
   It renders you almost immune to negative energy.
   It may corrode you when you take damage.
 p - a +2 hat of see invisible (melded)
 L - a +0 plate armour (melded)
Magical Staves
 O - a cursed staff of summoning {unknown}
 Q - an uncursed staff of conjuration {unknown}
Jewellery
 k - a ring of poison resistance (left branch)
 m - a +2 ring of intelligence
 n - a +4 ring of intelligence (right branch)
 w - a +3 ring of intelligence
 H - an uncursed amulet of regeneration
 S - an amulet of the acrobat (around neck)
Wands
 c - a wand of paralysis (10)
 s - a wand of polymorph (8)
 x - a wand of acid (2)
 z - a wand of clouds (5)
 B - a wand of disintegration (18)
 R - a wand of flame (5)
Scrolls
 q - 2 scrolls of random uselessness
 r - 3 scrolls of amnesia
 D - 2 scrolls of magic mapping
 G - a scroll of enchant armour
 M - 4 scrolls of remove curse
Potions
 g - 10 potions of curing
 o - 4 potions of mutation
 C - a potion of haste
 E - 2 potions of resistance
 I - 5 potions of flight
 J - 2 potions of magic
 T - a potion of brilliance {unknown}


   Skills:
 + Level 6.4 Fighting
 + Level 8.3(8.4) Axes
 - Level 1.0(5.2) Maces & Flails
 - Level 1.0 Throwing
 + Level 7.2 Armour
 + Level 6.7 Dodging
 + Level 12.3 Stealth
 + Level 2.2 Shields
 + Level 7.0 Evocations


You had 9 spell levels left.
You knew the following spells:

 Your Spells              Type           Power        Failure   Level  Hunger
a - Passwall              Tmut/Erth      #.......     36%         2    ###....

Your spell library contained the following spells:

 Spells                   Type           Power        Failure   Level  Hunger
 Beastly Appendage        Tmut           #.....       26%         1    ##.....
 Sandblast                Erth           #.....       26%         1    ##.....
 Shock                    Conj/Air       #...         26%         1    ##.....
 Summon Small Mammal      Summ           #...         26%         1    ##.....
 Call Imp                 Summ           #.......     36%         2    ###....
 Sticks to Snakes         Tmut           #.......     36%         2    ###....
 Swiftness                Chrm/Air       #.......     36%         2    ###....
 Call Canine Familiar     Summ           #.......     58%         3    ####...
 Spider Form              Tmut/Pois      #.........   58%         3    ####...
 Static Discharge         Conj/Air       #.......     58%         3    ####...
 Stone Arrow              Conj/Erth      #.....       58%         3    ####...
 Summon Guardian Golem    Hex/Summ       #.......     58%         3    ####...
 Airstrike                Air            #.........   94%         4    #####..
 Ice Form                 Ice/Tmut       #.......     94%         4    #####..
 Petrify                  Tmut/Erth      #.......     94%         4    #####..
 Summon Ice Beast         Ice/Summ       #.......     94%         4    #####..
 Summon Lightning Spire   Summ/Air       #.......     94%         4    #####..
 Blade Hands              Tmut           #.........   100%        5    ######.
 Lee's Rapid Deconstruct  Erth           #.........   100%        5    ######.
 Lightning Bolt           Conj/Air       #.........   100%        5    ######.


Dungeon Overview and Level Annotations

Branches:
Dungeon (13/15)            Temple (1/1) D:5            Lair (0/6) D:10
    Orc (0/2) D:12
 Vaults: D:13-14

Altars:
Ashenzari
Cheibriados
Dithmenos
Elyvilon
Fedhas
Gozag
Hepliaklqana
Kikubaaqudgha
Makhleb
Nemelex Xobeh
Okawaru
Qazlal
Ru
Sif Muna
Trog
Uskayaw
Vehumet
Wu Jian
Xom
Yredelemnul
Zin
The Shining One

Shops:
D:6 *

Annotations:
D:4 exclusion: ogre
D:9 1 transporter, Blackmass's ghost, novice MiFi
D:12 Nessos


Innate Abilities, Weirdness & Mutations

You cannot wear boots.
((Your serpentine skin is tough. (AC +4)))
You have supernaturally acute eyesight. (SInv)
((Armour fits poorly on your strangely shaped body.))
((Your system is resistant to poisons. (rPois)))
((You cover ground very slowly.))
You have a slow metabolism.
You can spit poison.


Message History

* * * LOW HITPOINT WARNING * * *
You block the wraith's attack.
The red ugly thing bites you but does no damage.
You hit the red ugly thing.
The red ugly thing looks as sick as possible!
The red ugly thing is almost dead.
The wraith hits you but does no damage.
The red ugly thing bites you but does no damage.
The wraith hits you but does no damage.
You completely miss the red ugly thing.
The red ugly thing is almost dead.
The red ugly thing bites you.
* * * LOW HITPOINT WARNING * * *
You are engulfed in flames!
* * * LOW HITPOINT WARNING * * *
The wraith hits you but does no damage. The red ugly thing bites you!
* * * LOW HITPOINT WARNING * * *
You are engulfed in flames!!
You die...
Your body crumbles into a pile of gold.

########
#......#
#......#
#§.....#
+§○....#
#§○....#
#.°Wu..#
#§○§♣..#
###+####
$ $


You could see a red ugly thing and a wraith.

Vanquished Creatures
  Gastronok (D:9)
  A death knight (D:12)
  2 skeletal warriors (D:12)
  An unseen horror (D:10)
  A manticore (D:11)
  A freezing wraith (D:12)
  A troll (D:10)
  3 slime creatures (D:12)
  3 hippogriffs
  A vampire (D:10)
  3 hogs (D:8)
  A human (D:8)
  Eustachio (D:5)
  10 yaks
  A water moccasin (D:11)
  3 orc warriors
  5 sky beasts
  An eye of draining (D:10)
  2 ice beasts
  A swamp drake (D:11)
  3 ogres
  A necrophage (D:11)
  4 wolves (D:10)
  5 centaurs
  A big kobold (D:8)
  Blork the orc (D:5)
  5 bullfrogs
  A wyvern zombie (D:9)
  A wyvern skeleton (D:11)
  3 scorpions
  2 howler monkeys (D:10)
  A bullfrog zombie (D:10)
  5 electric eels
  6 crimson imps
  A centaur zombie (D:6)
  5 hounds
  A centaur skeleton (D:7)
  5 jellies
  8 orc wizards
  Crazy Yiuf (D:3)
  An orc priest (D:10)
  Ijyb (D:5)
  Terence (D:3)
  3 iguanas
  6 worker ants
  A worker ant zombie (D:8)
  9 adders
  2 howler monkey skeletons
  A shadow imp (D:6)
  An ooze (D:4)
  2 dart slugs
  9 leopard geckos
  31 orcs
  9 bats
  3 giant cockroaches
  8 goblins
  9 hobgoblins
  5 jackals (D:3)
  3 quokkas
  8 frilled lizards
  11 kobolds
  A leopard gecko zombie (D:8)
  A quokka zombie (D:6)
  5 rats
  A fungus (D:6)
235 creatures vanquished.

Vanquished Creatures (others)
  A two-headed ogre (D:12)
  Maurice (D:12)
2 creatures vanquished.

Grand Total: 237 creatures vanquished

Notes
Turn   | Place    | Note
-------+----------+-------------------------------------------
     0 | D:1      | MajorAdolf the Naga Wanderer began the quest for the Orb.
     0 | D:1      | MajorAdolf set off with the following items: a +2 mace, a
                  | +0 hand axe, a potion of lignification, a +0 robe, a ration
     0 | D:1      | Reached XP level 1. HP: 19/19 MP: 1/1
   146 | D:1      | Reached skill level 2 in Stealth
   255 | D:1      | Reached XP level 2. HP: 23/26 MP: 2/2
   873 | D:2      | Reached skill level 1 in Dodging
   873 | D:2      | Reached XP level 3. HP: 20/32 MP: 3/3
  1025 | D:2      | Reached skill level 3 in Stealth
  1097 | D:2      | Found a snail-covered altar of Cheibriados.
  2073 | D:3      | Reached XP level 4. HP: 10/39 MP: 4/4
  2465 | D:3      | Noticed Terence
  2474 | D:3      | Killed Terence
  2474 | D:3      | Reached XP level 5. HP: 29/45 MP: 5/5
  2855 | D:3      | Reached skill level 4 in Stealth
  3377 | D:3      | Found a runed translucent door.
  3378 | D:3      | Noticed Crazy Yiuf
  3387 | D:3      | Killed Crazy Yiuf
  3768 | D:4      | Noticed an ogre
  4590 | D:4      | Reached XP level 6. HP: 45/52 MP: 6/6
  4694 | D:4      | Learned a level 2 spell: Passwall
  4948 | D:5      | Entered Level 5 of the Dungeon
  5195 | D:5      | Noticed Eustachio
  5785 | D:5      | Killed Eustachio
  5785 | D:5      | Reached skill level 5 in Stealth
  5836 | D:5      | Noticed Ijyb
  5844 | D:5      | Killed Ijyb
  5850 | D:5      | Noticed Blork the orc
  5861 | D:5      | Killed Blork the orc
  5861 | D:5      | Reached XP level 7. HP: 25/60 MP: 7/7
  6046 | D:5      | Reached skill level 6 in Stealth
  6102 | D:5      | Found a staircase to the Ecumenical Temple.
  6181 | D:5      | Found a shattered altar of Ashenzari.
  6582 | D:6      | Reached skill level 1 in Evocations
  6711 | D:6      | Found Vucaozat's Assorted Antiques.
  6827 | D:6      | Bought a thick soapstone amulet for 150 gold pieces
  6827 | D:6      | Bought a glowing sapphire potion for 27 gold pieces
  6827 | D:6      | Bought a scroll labeled COMNEOM LEHEI for 30 gold pieces
  6827 | D:6      | Bought a dark potion for 27 gold pieces
  6895 | D:6      | Reached XP level 8. HP: 67/67 MP: 7/9
  6928 | D:6      | Reached skill level 7 in Stealth
  7335 | Temple   | Entered the Ecumenical Temple
  7627 | D:6      | Reached skill level 5 in Axes
  8006 | D:7      | Reached skill level 8 in Stealth
  8146 | D:7      | Reached skill level 5 in Armour
  8259 | D:7      | Reached XP level 9. HP: 58/73 MP: 11/11
  9166 | D:8      | Reached skill level 9 in Stealth
  9618 | D:8      | Reached skill level 5 in Dodging
  9711 | D:8      | Reached XP level 10. HP: 30/84 MP: 13/13
  9984 | Temple   | Became a worshipper of Gozag Ym Sagoz the Greedy
 10357 | D:8      | Reached skill level 10 in Stealth
 10784 | D:9      | Reached skill level 5 in Evocations
 10902 | D:9      | Found a transporter.
 10920 | D:9      | Noticed Blackmass's ghost (novice MiFi)
 10920 | D:9      | Noticed a moth of wrath
 10921 | D:9      | Got an ichor-stained cloak
 10955 | D:9      | Identified the +2 cloak "Uvvaegrous" {*Corrode rF+ rN+++
                  | Dex+4} (You found it on level 9 of the Dungeon)
 10968 | D:10     | Entered Level 10 of the Dungeon
 11394 | D:10     | Found a stormy altar of Qazlal.
 12129 | D:9      | Noticed Gastronok
 12194 | D:9      | Killed Gastronok
 12479 | D:9      | Reached skill level 5 in Fighting
 12479 | D:9      | Reached skill level 11 in Stealth
 12661 | D:9      | You fall into a shaft and drop 2 floors!
 13055 | D:10     | Reached XP level 11. HP: 86/94 MP: 15/15
 13444 | D:11     | Noticed a manticore
 13446 | D:11     | HP: 4/96 [barbs]
 13929 | D:10     | Noticed an unseen horror
 13957 | D:10     | Killed an unseen horror
 14284 | D:10     | Found a staircase to the Lair.
 15293 | D:11     | Reached skill level 1 in Shields
 15433 | D:11     | Killed a manticore
 15696 | D:11     | Noticed an eight-headed hydra
 15712 | D:12     | Noticed Nessos
 16036 | D:12     | Noticed a two-headed ogre
 16036 | D:12     | Noticed Maurice
 16041 | D:12     | Noticed a skeletal warrior
 16041 | D:12     | Noticed a skeletal warrior
 16043 | D:12     | Killed Maurice
 16044 | D:12     | Killed a two-headed ogre
 16044 | D:12     | Reached skill level 12 in Stealth
 16050 | D:12     | Killed a skeletal warrior
 16052 | D:12     | Killed a skeletal warrior
 16321 | D:12     | Noticed a death knight
 16327 | D:12     | Killed a death knight
 16450 | D:13     | Noticed a red ugly thing
 16521 | D:12     | Reached XP level 12. HP: 29/106 MP: 17/17
 16666 | D:13     | HP: 5/159 [red ugly thing (8)]
 16666 | D:13     | Demolished by a red ugly thing

Levels and vault maps discovered:
D:1:      scummos_arrival_gate, layout_loops_ring
D:2:      layout_loops_ring, lemuel_doored_altar, feat_on_display
D:3:      layout_basic, first_ration, minmay_misc_feat_x, uniq_terence,
          uniq_crazy_yiuf_cottage
D:4:      layout_basic, minmay_unequal
D:5:      layout_rooms, minmay_temple_entry_statues_fountains,
          ashenzari_altar_1, uniq_eustachio, uniq_ijyb, uniq_blork_the_orc
D:6:      old_forge, layout_basic, serial_shops,
          nicolae_shop_overgrown_old_shop, kennysheep_cross_room,
          minmay_joined_circles
D:7:      layout_basic
D:8:      layout_gridville, grunt_livestock
D:9:      layout_basic, gammafunk_ghost_berserking_beasts, uniq_gastronok
D:10:     layout_basic, erik_lair_island, nicolae_qazlal_general_emergency
D:11:     layout_rooms, pond
D:12:     layout_long_grid, orc_0_dummy, uniq_maurice, uniq_jorgrun, uniq_nessos
D:13:     layout_roguey, uniq_sonja
Temple:   compressed_dpeg_circular_temple

Skill      XL: |  1  2  3  4  5  6  7  8  9 10 11 |
---------------+----------------------------------+-----
Stealth        | 2 3 4 5 6 8 9 11 12 | 12.3
Dodging        | 1 2 3 4 5 6 |  6.7
Armour         | 3 4 5 6 7 |  7.2
Axes           | 3 4 5 6 7 8 |  8.3
Evocations     | 1 3 4 5 7 |  7.0
Fighting       | 3 5 6 |  6.4
Shields        | 2 |  2.2
Maces & Flails | |  1.0
Throwing       | |  1.0

Action                   |  1- 3 |  4- 6 |  7- 9 | 10-12 || total
-------------------------+-------+-------+-------+-------++-------
Melee: Mace              |    15 |       |       |       ||    15
       Hand axe          |    63 |       |       |       ||    63
       Trident           |       |   151 |   304 |   539 ||   994
 Abil: Spit Poison       |    20 |     7 |     2 |     6 ||    35
Evoke: Wand              |       |     1 |     3 |    21 ||    25
  Use: Scroll            |     6 |       |     1 |    16 ||    23
       Potion            |     1 |     2 |     1 |    10 ||    14
 Stab: Sleeping          |     6 |     7 |     3 |       ||    16
       Held in net/web   |       |       |     1 |       ||     1
       Confused          |       |       |       |     1 ||     1
  Eat: Chunk             |     3 |     8 |    10 |       ||    21
       Ration            |       |     1 |       |     5 ||     6
Armor: Robe              |    13 |    16 |       |       ||    29
       Skin              |       |    50 |       |    30 ||    80
       Ring mail         |       |    39 |    10 |       ||    49
       Plate armour      |       |       |   155 |   368 ||   523
       Scale mail        |       |       |     5 |       ||     5
Dodge: Dodged            |    37 |    87 |    72 |   137 ||   333
Block: Buckler           |       |       |       |    28 ||    28
